 Dungeon Crawl Stone Soup version 0.29.1-1-gd02db6906a (webtiles) character file.

Game seed: 917564491959649574

3036 Ashen the Chiller (level 9, 67/67 HPs)
             Began as a Demonspawn Ice Elementalist on Oct 8, 2022.
             Was an Initiate of Vehumet.
             Got out of the dungeon alive.
             The game lasted 00:22:35 (9716 turns).

Ashen the Chiller (Demonspawn Ice Elementalist)     Turns: 9716, Time: 00:22:35

Health: 67/67      AC:  7    Str:  9 (10) XL:     9   Next: 56%
Magic:  18/18      EV: 13    Int: 26      God:    Vehumet [......]
Gold:   136        SH:  0    Dex: 12 (13) Spells: 9/20 levels left

rFire   x . .      SeeInvis .   B - +0 dagger (elec)
rCold   + . .      Faith    .   (no shield)
rNeg    . . .      Spirit   .   a - +0 robe
rPois   .          Reflect  .   G - +0 helmet
rElec   .          Harm     .   k - +0 cloak
rCorr   .          Rampage  .   (no gloves)
Will    .....                   y - +0 pair of boots
Stlth   +++.......              (no amulet)
HPRegen 0.21/turn               s - ring of ice
MPRegen 0.16/turn               j - +6 ring of intelligence

@: no status effects
A: icy blue scales 1, demonic guardian 2, spiny 1
a: Renounce Religion


You escaped.
You worshipped Vehumet.
Vehumet was noncommittal.
You visited 2 branches of the dungeon, and saw 9 of its levels.

You collected 334 gold pieces.
You spent 198 gold pieces at shops.

Inventory:

Hand Weapons
 i - a +2 dagger of protection
 o - a +1 short sword of venom
 z - a +2 short sword of speed
 B - a +0 dagger of electrocution (weapon)
Missiles
 t - 4 javelins
Armour
 a - a +0 robe (worn)
 k - a +0 cloak (worn)
 y - a +0 pair of boots (worn)
 G - a +0 helmet (worn)
 I - a scarf of invisibility
Jewellery
 b - a ring of protection from fire
 j - a +6 ring of intelligence (right hand)
 r - a ring of fire
 s - a ring of ice (left hand)
 H - a ring of willpower
Wands
 E - a wand of paralysis (7)
 F - a wand of flame (21)
Scrolls
 e - a scroll of poison {unknown}
 f - 3 scrolls of blinking {unknown}
 g - 5 scrolls of fear
 m - 7 scrolls of teleportation
 n - 2 scrolls of fog {unknown}
 p - 6 scrolls of identify
 u - 5 scrolls of vulnerability {unknown}
 v - 2 scrolls of enchant weapon {unknown}
 C - a scroll of enchant armour {unknown}
 J - a scroll of magic mapping
 K - a scroll of noise {unknown}
Potions
 c - 2 potions of brilliance
 d - a potion of lignification
 h - a potion of flight
 l - a potion of invisibility
 q - a potion of might {unknown}
 w - 2 potions of curing {unknown}
 x - a potion of cancellation {unknown}
 A - 2 potions of degeneration
 D - a potion of mutation {unknown}
 L - 3 potions of heal wounds {unknown}
 M - a potion of haste {unknown}


   Skills:
 + Level 4.9 Fighting
 + Level 4.9 Dodging
 - Level 5.0 Stealth
 * Level 6.0 Spellcasting
 * Level 4.7 Conjurations
 * Level 6.9 Ice Magic


You had 9 spell levels left.
You knew the following spells:

 Your Spells              Type           Power      Damage    Failure   Level
a - Freeze                Ice            100%       1d11      1%          1
b - Frozen Ramparts       Ice            100%       1d16      1%          3
c - Ozocubu's Armour      Ice            60%        N/A       1%          3
d - Hailstorm             Conj/Ice       55%        3d12      6%          4

Your spell library contained the following spells:

 Spells                   Type           Power      Damage    Failure   Level
 Summon Guardian Golem    Hex/Summ       7%         N/A       21%         3
 Metabolic Englaciation   Hex/Ice        19%        N/A       43%         5
 Simulacrum               Ice/Necr       19%        N/A       95%         6
 Orb of Destruction       Conj           16%        9d7       100%        7
 Spellforged Servitor     Conj/Summ      10%        N/A       100%        7


Dungeon Overview and Level Annotations

Branches:
Dungeon (8/15)             Temple (1/1) D:5
   Lair: D:8-11

Altars:
Ashenzari
Cheibriados
Dithmenos
Gozag
Hepliaklqana
Kikubaaqudgha
Makhleb
Nemelex Xobeh
Okawaru
Qazlal
Ru
Sif Muna
Trog
Uskayaw
Vehumet
Wu Jian
Xom
Yredelemnul

Shops:
D:4 :   D:6 !?[   D:8 *

Annotations:
D:4 Dowan, Duvessa
D:8 Joseph


Innate Abilities, Weirdness & Mutations

You are partially covered in icy blue scales. (AC +2)
A demonic guardian rushes to your aid.
You are partially covered in sharp spines.


Message History

Unknown command.
Press: ? - help, v - describe, . - travel
Here: Joseph, wielding a +0 quarterstaff and wearing a +0 leather armour (asleep)
The floor.
Placed new exclusion.
There is a stone staircase leading up here.
You climb upwards.
There is a stone staircase leading down here.
HP restored.
Magic restored.
Done exploring.
There is an open door here.
There is a stone staircase leading down here.
(D) Dungeon (T) Temple
Where to? (Enter - D:7 @ (x,y), ? - help)
What level of the Dungeon? (default 1, ? - help)
You open the door.
There is an open door here.
There is a stone staircase leading up here.
You climb upwards.
There is a stone staircase leading down here.
There is a stone staircase leading up here.
You climb upwards.
There is a stone staircase leading down here.
There is a stone staircase leading up here.
You climb upwards.
Level annotation: Dowan, Duvessa
There is a stone staircase leading down here.
There is an escape hatch in the ceiling here.
A mysterious force pulls you upwards. The hatch slams shut behind you.
There is a stone staircase leading up here.
You climb upwards.
There is a stone staircase leading down here.
There is a stone staircase leading up here.
You climb upwards.
There is a stone staircase leading down here.
There is an open door here.
There is a staircase leading out of the dungeon here.
Are you sure you want to leave the Dungeon?
This will make you lose the game!
You have escaped!

..#.# ###......~~....#........#
..#.# ##...~~~~~~~.~~...######.#
..#.###..~~~~~≈≈≈≈~~~~~..## #.#
###.##..~~~≈~≈≈≈≈≈≈≈~~~~..# #.#
....#..~~≈≈≈≈≈≈≈≈≈≈≈≈≈~~~.## #.#
####..~≈≈≈≈≈≈≈#####≈≈≈≈~~..# #.##
..#..~~≈≈≈≈≈≈##...##≈≈≈≈~~.# #.#.
#.#.~~≈≈≈≈≈≈≈#..>..#≈≈≈~~~.###.#.
#...~~≈≈≈≈≈≈≈#..@..#≈≈≈≈~~..##.#.
...~≈≈≈≈≈≈≈≈≈#.....#≈≈≈≈≈~..##.#.
.#.~~≈≈≈≈≈≈≈≈##...##≈≈≈≈≈≈~.##.#.
...~~≈≈≈≈≈≈≈~~##'##~≈≈≈≈≈~~.##.#.
..~~~≈≈≈≈≈≈≈≈~....~~≈≈≈≈≈~~..#.#.
..~~≈≈≈≈≈≈≈≈~~~~..~≈≈≈≈≈≈≈~~.#...
#.~~≈≈≈≈≈≈≈≈≈≈≈~..~~≈≈≈≈≈≈~~.###.
..~≈≈≈≈≈≈≈≈≈≈~~~...~~≈≈≈≈~~~.#...
.~≈≈≈≈#####≈~~~....~~≈≈≈≈~~~.#.##


There were no monsters in sight!

Vanquished Creatures
  An unseen horror (D:7)
  Prince Ribbit (D:7)
  Menkaure (D:7)
  2 water moccasins
  2 black bears
  2 ice beasts (D:6)
  A centaur (D:6)
  A phantom (D:4)
  2 kobold brigands
  A gnoll sergeant (D:6)
  4 bullfrogs
  A necrophage (D:7)
  A scorpion (D:4)
  3 wights (D:7)
  2 howler monkeys (D:7)
  2 jellies
  3 orc priests (D:4)
  4 hounds
  Jessica (D:2)
  2 iguanas
  8 orc wizards
  8 gnolls
  7 adders
  2 ufetubi
  A worm (D:2)
  A dart slug (D:3)
  26 orcs
  11 ball pythons
  6 bats
  6 endoplasms
  A giant cockroach (D:2)
  6 goblins
  7 hobgoblins
  2 jackals (D:1)
  16 kobolds
  5 quokkas
  4 rats
154 creatures vanquished.

Vanquished Creatures (collateral kills)
  A gnoll sergeant (D:7)
  A worm (D:2)
  A kobold (D:4)
  A goblin (D:1)
4 creatures vanquished.

Vanquished Creatures (others)
  24 fungi (D:8)
  22 plants (D:8)
46 creatures vanquished.

Grand Total: 204 creatures vanquished

Notes
Turn   | Place    | Note
-------+----------+-------------------------------------------
     0 | D:1      | Ashen the Demonspawn Ice Elementalist began the quest for
                  | the Orb.
     0 | D:1      | Reached XP level 1. HP: 13/13 MP: 3/3
   433 | D:1      | Gained mutation: A weak demonic guardian rushes to your
                  | aid. [demonic ancestry]
   433 | D:1      | Reached XP level 2. HP: 4/20 MP: 0/5
  1433 | D:1      | Found a faded altar of an unknown god.
  1575 | D:1      | Reached skill level 1 in Fighting
  1694 | D:1      | Reached XP level 3. HP: 24/26 MP: 6/6
  2063 | D:2      | Noticed Jessica
  2073 | D:2      | Killed Jessica
  2154 | D:2      | Learned a level 3 spell: Frozen Ramparts
  2172 | D:2      | Reached XP level 4. HP: 28/32 MP: 7/7
  3694 | D:3      | Found a sparkling altar of Nemelex Xobeh.
  3775 | D:3      | Found an ornate altar of the Wu Jian Council.
  3776 | D:3      | Found an iron altar of Okawaru.
  3777 | D:3      | Found a sacrificial altar of Ru.
  3865 | D:3      | Learned a level 3 spell: Ozocubu's Armour
  3904 | D:3      | Gained mutation: You are partially covered in icy blue
                  | scales. (AC +2) [demonic ancestry]
  3904 | D:3      | Reached XP level 5. HP: 32/38 MP: 5/9
  4076 | D:4      | Noticed a black bear
  4077 | D:4      | Noticed Duvessa
  4641 | D:4      | Noticed Dowan
  4759 | D:4      | Gained mutation: A demonic guardian rushes to your aid.
                  | [demonic ancestry]
  4759 | D:4      | Reached XP level 6. HP: 20/46 MP: 6/10
  4767 | D:4      | HP: 2/46 [poisoned by a kobold]
  5250 | D:5      | Entered Level 5 of the Dungeon
  5447 | D:4      | Reached XP level 7. HP: 16/52 MP: 6/12
  5817 | D:4      | Found Eptuthrowu's Tremendous Tomes.
  6442 | D:5      | Reached skill level 5 in Ice Magic
  6575 | D:5      | Found a staircase to the Ecumenical Temple.
  6594 | Temple   | Entered the Ecumenical Temple
  6857 | D:5      | Learned a level 4 spell: Hailstorm
  7058 | D:6      | Found Lyublis's Magic Scroll Shoppe.
  7089 | D:6      | Bought a scroll of magic mapping for 90 gold pieces
  7089 | D:6      | Bought a scroll of teleportation for 36 gold pieces
  7089 | D:6      | Bought a scroll of fear for 48 gold pieces
  7089 | D:6      | Bought a scroll of identify for 24 gold pieces
  7100 | D:6      | Found Migh's Antique Armour Shoppe.
  7111 | D:6      | Reached skill level 1 in Conjurations
  7204 | D:6      | Found a bloodstained altar of Trog.
  7344 | D:6      | Reached XP level 8. HP: 60/60 MP: 14/14
  7435 | D:6      | Found a stormy altar of Qazlal.
  7437 | D:6      | Noticed an air elemental
  7887 | D:6      | Found Zazargh's Distillery.
  8268 | D:7      | Reached skill level 5 in Spellcasting
  8561 | D:7      | Found a radiant altar of Vehumet.
  8577 | D:7      | Killed an unseen horror
  8578 | D:7      | Reached skill level 5 in Stealth
  8578 | D:7      | Gained mutation: You are partially covered in sharp spines.
                  | [demonic ancestry]
  8578 | D:7      | Reached XP level 9. HP: 13/66 MP: 6/17
  8582 | D:7      | Became a worshipper of Vehumet
  8846 | D:7      | Noticed Prince Ribbit
  8856 | D:7      | Killed Prince Ribbit
  9007 | D:7      | Noticed Menkaure
  9013 | D:7      | Killed Menkaure
  9483 | D:8      | Found Nawis's General Store.
  9484 | D:8      | Noticed Joseph
  9716 | D:$      | Got out of the dungeon alive.

Illustrated notes

Levels and vault maps discovered:
D:1:      minmay_arrival_shoal_huts, layout_basic, basic_ecumenical_altar
D:2:      minmay_angry_zag, layout_basic, uniq_jessica
D:3:      layout_basic, chequers_temple_overflow_statue_of_worship,
          nemelex_diamond_rough_becter, hangedman_abyss_or_decor_stabs,
          st_stairs_8
D:4:      nicolae_cairo_tiling_large_dashed, layout_loops_ring,
          nicolae_shop_i_like_big_books, minmay_increasing_density, uniq_duvessa
D:5:      layout_rooms, minmay_temple_entry_mini_moons
D:6:      layout_loops_corners, nicolae_qazlal_style_of_elements, bloody_trog,
          serial_shops, shop_coins, nicolae_stop_n_shop_1, shop
D:7:      layout_gridville, old_standard_altar, uniq_menkaure,
          uniq_prince_ribbit1
D:8:      layout_basic, due_lair_maze_entry_diamond, serial_shops,
          nicolae_shop_trees, nicolae_stop_n_shop_2, minivault_21, uniq_joseph
Temple:   minmay_temple_bridge_abc

Skill      XL: |  1  2  3  4  5  6  7  8  9 |
---------------+----------------------------+-----
Stealth        | 2 3 4 5 |  5.0
Dodging        | 2 3 4 |  4.9
Fighting       | 1 2 3 4 |  4.9
Ice Magic      | 4 5 6 |  6.9
Spellcasting   | 3 4 5 6 |  6.0
Conjurations   | 1 3 4 |  4.7

Action                   |  1- 3 |  4- 6 |  7- 9 || total
-------------------------+-------+-------+-------++-------
Melee: Unarmed           |    25 |       |       ||    25
       Dagger            |     9 |    22 |    90 ||   121
       Short sword       |    25 |   127 |    83 ||   235
       Punch             |     2 |       |     2 ||     4
 Cast: Freeze            |    31 |     9 |     9 ||    49
       Frozen Ramparts   |       |     5 |    16 ||    21
       Ozocubu's Armour  |       |     3 |    11 ||    14
       Hailstorm         |       |       |     5 ||     5
  Use: Potion            |     1 |       |     2 ||     3
       Scroll            |       |       |     3 ||     3
 Stab: Sleeping          |     6 |     4 |     9 ||    19
Armor: Robe              |    19 |    60 |    85 ||   164
Dodge: Dodged            |    56 |    76 |   130 ||   262
